 Dungeon Crawl Stone Soup version 0.22-a0-51-g1bb26a1 (webtiles) character file.

30 Delita the Chiller (level 3, 24/24 HPs)
             Began as a Human Ice Elementalist on Jan 5, 2018.
             Quit the game on level 2 of the Dungeon on Jan 9, 2018.
             The game lasted 00:18:39 (2088 turns).

Delita the Chiller (Human Ice Elementalist)         Turns: 2088, Time: 00:18:39

Health: 24/24      AC:  6    Str:  8    XL:     3   Next: 35%
Magic:  6/6        EV: 10    Int: 16    God:
Gold:   82         SH:  0    Dex: 13    Spells: 5/6 levels left

rFire    . . .     SeeInvis .   h - +0 club
rCold    . . .     Gourm    .   (no shield)
rNeg     . . .     Faith    .   m - +1 ring mail
rPois    .         Spirit   .   (no helmet)
rElec    .         Reflect  .   (no cloak)
rCorr    .         Harm     .   (no gloves)
MR       .....                  (no boots)
Stlth    +.........             (no amulet)
HPRegen  0.08/turn              (no ring)
MPRegen  0.10/turn              (no ring)

@: no status effects
A: no striking features
a: no special abilities


You were on level 2 of the Dungeon.
You were not hungry.

You visited 1 branch of the dungeon, and saw 2 of its levels.

You collected 82 gold pieces.

Inventory:

Hand Weapons
 h - a +0 club (weapon)
Missiles
 d - 62 stones
 j - 7 tomahawks (quivered)
Armour
 a - a +0 robe
 f - a +0 robe
 m - a +1 ring mail (worn)
Scrolls
 g - a scroll of magic mapping
 l - a scroll of remove curse {unknown}
 n - a scroll of identify
 o - a scroll of teleportation {unknown}
Potions
 i - a potion of cancellation {unknown}
 k - a potion of flight {unknown}
Books
 b - a book of Frost

   Spells                             Type                      Level
   a - Freeze                         Ice                          1
   b - Throw Frost                    Conjuration/Ice              2
   c - Ozocubu's Armour               Charms/Ice                   3
   d - Throw Icicle                   Conjuration/Ice              4
   e - Summon Ice Beast               Ice/Summoning                4
Comestibles
 c - a ration


   Skills:
 + Level 0.2 Throwing
 + Level 2.4 Dodging
 + Level 2.1 Stealth
 + Level 2.4 Spellcasting
   Level 1.0 Conjurations
 + Level 3.4 Ice Magic


You had 5 spell levels left.
You knew the following spells:

 Your Spells              Type           Power        Failure   Level  Hunger
a - Freeze                Ice            ##..         16%         1    #......


Dungeon Overview and Level Annotations

Branches:
Dungeon (2/15)

Altars:


Message History

Your magical contamination has completely faded away.
d - 56 stones (gained 2)
You see here a leather armour.
As you read the scroll labeled XOQ NIEFONOVVU, it crumbles to dust.
It is a scroll of enchant armour.
Really abort (and waste the scroll)?
Uppercase [Y]es or [N]o only, please.
Really abort (and waste the scroll)?
Your +0 ring mail glows green for a moment.
Save game and exit?
Welcome back, Delita the Human Ice Elementalist.
Press ? for a list of commands and other information.
Welcome back, Delita the Human Ice Elementalist.
Press ? for a list of commands and other information.
d - 62 stones (gained 6)
You see here an uncursed hunting sling.
An adder comes into view.
Welcome back, Delita the Human Ice Elementalist.
Press ? for a list of commands and other information.
Are you sure you want to abandon this character and quit the game? (Confirm with "yes".)

#[######....#########....
#.#.........#............
#.#.###.....#.######.....
..# #....)#.######.....
..# #......†...........
..######..####.####.#.....
..................#.#.....
########..#####.##.#
#####. #...@....... # #.
#...).....## #.
#..######## .. #... ###
#.## #. .. S#


You could see an adder (sleeping).

Vanquished Creatures
  An adder (D:2)
  2 bats
  3 giant cockroaches
  3 goblins
  2 hobgoblins
  2 frilled lizards (D:2)
  3 kobolds
  5 rats (D:1)
21 creatures vanquished.

Notes
Turn   | Place    | Note
-------+----------+-------------------------------------------
     0 | D:1      | Delita the Human Ice Elementalist began the quest for the Orb.
     0 | D:1      | Reached XP level 1. HP: 13/13 MP: 3/3
   527 | D:1      | Reached XP level 2. HP: 19/19 MP: 3/5
  1685 | D:2      | Reached XP level 3. HP: 19/24 MP: 3/6
  1811 | D:2      | Upgraded the game from 0.22-a0-42-g002c468 to 0.22-a0-44-geb883ae
  2066 | D:2      | Upgraded the game from 0.22-a0-44-geb883ae to 0.22-a0-49-g614aadd
  2088 | D:2      | Upgraded the game from 0.22-a0-49-g614aadd to 0.22-a0-51-g1bb26a1
  2088 | D:2      | Quit the game

Vault maps used:
D:1:      saegor_arrival_simple_b
D:2:      chequers_temple_overflow_minitemple

Action                   || total
-------------------------++-------
Melee: Unarmed           ||     8
Throw: Stone             ||    10
       Tomahawk          ||    18
 Cast: Freeze            ||    25
  Use: Scroll            ||     3
  Eat: Ration            ||     1
Armor: Robe              ||     4
       Ring mail         ||     7
Dodge: Dodged            ||    26

Table legend:
 A = Spawn XP
 B = Non-spawn XP
 C = Spawn XP percentage of total XP
 D = Spawn monster count
 E = Non-spawn monster count
 F = Spawn count percentage of total count
 G = Total turns spent on level
                    A         B        C        D         E        F      G
               +---------+---------+-------+---------+---------+-------+---------
         Total |       0 |      43 |   0.0 |       0 |      21 |   0.0 |  2088
               +---------+---------+-------+---------+---------+-------+---------
           D:1 |       0 |      16 |   0.0 |       0 |      11 |   0.0 |  1681
           D:2 |       0 |      27 |   0.0 |       0 |      10 |   0.0 |   407
               +---------+---------+-------+---------+---------+-------+---------
